 Dungeon Crawl Stone Soup version 0.27-a0-1332-g84bddb5ca7 (webtiles) character file.

Game seed: 16322116451727521559

186794 Brandom the Warrior (level 17, -2/145 HPs)
             Began as a Demonspawn Delver on June 25, 2021.
             Was the Champion of Okawaru.
             Slain by a +2 halberd of venom (18 damage)
             ... on level 2 of the Elven Halls.
             The game lasted 02:30:47 (36960 turns).

Brandom the Warrior (Demonspawn Delver)            Turns: 36960, Time: 02:30:48

Health: -2/145     AC: 32    Str: 22    XL:     17   Next: 85%
Magic:  35/35      EV: 19    Int: 19    God:    Okawaru [******]
Gold:   3722       SH: 14    Dex: 16    Spells: 16/16 levels left

rFire    + + .     SeeInvis +   L - +7 demon blade of Domination {freeze, Contam Int+6 Stlth+}
rCold    + + +     Faith    +   H - +0 kite shield
rNeg     + . .     Spirit   .   R - +5 ice dragon scales of Epheneox {Harm rF- rC++}
rPois    +         Reflect  .   (helmet unavailable)
rElec    .         Harm     +   r - +0 cloak {Will+}
rCorr    +         Rampage  .   b - +1 pair of gloves
Will     +++++                  h - +3 pair of boots of Cyegotao {rPois}
Stlth    ++++......             k - amulet "Nuufol" {Faith rN+ Will++ Dex+3}
HPRegen  0.34/turn              A - ring "Nissez" {Fly rF++ Will+ MP+9}
MPRegen  0.24/turn              C - ring "Kyhiank" {rC+ rCorr Str+4 SInv}

@: mighty, heroic, unable to read, flying, studying Dodging
A: antennae 3, icy blue scales 2, ignite blood 2, powered by pain 2, bedeviling,
clumsy 1, fire resistance 1, inability to read while threatened
a: Renounce Religion, Heroism, Finesse


You were on level 2 of the Elven Halls.
You worshipped Okawaru.
Okawaru was exalted by your worship.
You visited 5 branches of the dungeon, and saw 27 of its levels.
You also visited: Trove, Bailey and Ice Cave.

You collected 4658 gold pieces.
You spent 936 gold pieces at shops.

Inventory:

Hand Weapons
 L - the +7 demon blade of Domination (weapon) {freeze, Contam Int+6 Stlth+}
   (Okawaru gifted it to you in an ice cave)

   It has been specially enchanted to freeze those struck by it, causing extra
   injury to most foes and up to half again as much damage against particularly
   susceptible opponents.
   It can also slow down cold-blooded creatures.
   It affects your intelligence (+6).
   It causes magical contamination when unequipped.
   It makes you more stealthy.
Missiles
 i - 5 atropa-tipped darts
 n - 24 boomerangs (quivered)
 p - 3 silver javelins
 B - 6 curare-tipped darts {!f}
 G - 3 throwing nets {!f}
 O - 3 javelins
Armour
 b - a +1 pair of gloves (worn)
   (You found it on level 6 of the Lair of Beasts)
 h - the +3 pair of boots of Cyegotao (worn) {rPois}
   (Okawaru gifted it to you on level 1 of the Orcish Mines)

   It protects you from poison.
 r - a +0 cloak of willpower (worn)
   (Okawaru gifted it to you on level 6 of the Lair of Beasts)
 H - a +0 kite shield (worn)
   (You found it on level 9 of the Dungeon)
 R - the +5 ice dragon scales of Epheneox (worn) {Harm rF- rC++}
   (You found it in an ice cave)

   It makes you vulnerable to fire.
   It greatly protects you from cold.
   It increases damage dealt and taken.
Jewellery
 k - the amulet "Nuufol" (around neck) {Faith rN+ Will++ Dex+3}
   (You bought it in a shop on level 2 of the Dungeon)

   [amulet of faith]

   It allows you to gain divine favour quickly.
   It affects your dexterity (+3).
   It protects you from negative energy.
   It greatly increases your willpower.
 l - the ring "Reuliwaz" {Fly Will+}
   (You took it off a deep elf elementalist on level 3 of the Elven Halls)

   [ring of flight]

   It grants you flight.
   It increases your willpower.
 A - the ring "Nissez" (left hand) {Fly rF++ Will+ MP+9}
   (You found it in a treasure trove)

   [ring of magical power]

   It greatly protects you from fire.
   It affects your magic capacity (+9).
   It grants you flight.
   It increases your willpower.
 C - the ring "Kyhiank" (right hand) {rC+ rCorr Str+4 SInv}
   (You found it in a bailey)

   [ring of see invisible]

   It affects your strength (+4).
   It protects you from cold.
   It lets you see invisible.
   It protects you from acid and corrosion.
Wands
 d - a wand of iceblast (25)
   (You found it on level 4 of the Lair of Beasts)
 t - a wand of flame (8)
   (You found it on level 2 of the Elven Halls)
 u - a wand of paralysis (24)
   (You found it on level 5 of the Dungeon)
 v - a wand of digging (13)
 x - a wand of acid (10)
   (You found it on level 3 of the Lair of Beasts)
 y - a wand of mindburst (13)
   (You found it on level 1 of the Elven Halls)
Scrolls
 a - a scroll of silence
 c - 5 scrolls of fog
 e - 3 scrolls of blinking
 j - 13 scrolls of teleportation {@r4}
 s - 5 scrolls of enchant weapon
 I - a scroll of vulnerability {!r}
 M - 4 scrolls of enchant armour
 Q - 14 scrolls of identify {@r1}
 V - 3 scrolls of fear
 Y - 6 scrolls of magic mapping
Potions
 f - 3 potions of haste {@q3}
 g - 4 potions of might
 m - 4 potions of lignification {!q}
 o - 5 potions of curing {@q1}
 q - a potion of magic
 w - 2 potions of flight
 z - 6 potions of attraction {!q}
 D - a potion of brilliance
 F - a potion of cancellation
 W - 2 potions of berserk rage
 X - 3 potions of ambrosia
Miscellaneous
 E - a phial of floods
   (You found it on level 4 of the Lair of Beasts)
 J - a lightning rod (4/4) {!a}
   (You found it on level 9 of the Dungeon)
 K - a tin of tremorstones (2/2)
   (You found it on level 13 of the Dungeon)
 N - a box of beasts
   (You found it on level 13 of the Dungeon)
 P - a condenser vane
   (You found it in an ice cave)
 T - a phantom mirror
   (You found it on level 1 of the Lair of Beasts)


   Skills:
 * Level 16.5(21.5) Fighting
 - Level 14.0(19.0) Long Blades
 + Level 6.3(11.3) Throwing
 + Level 11.1(16.1) Armour
 + Level 12.3(17.3) Dodging
 - Level 4.5(9.5) Stealth
 + Level 9.8(14.8) Shields
 + Level 13.1 Invocations
 + Level 6.5 Evocations


You had 16 spell levels left.
You didn't know any spells.
Your spell library contained the following spells:

 Spells                   Type           Power      Damage    Failure   Level
 Animate Skeleton         Necr           0%         N/A       43%         1
 Apportation              Tloc           0%         N/A       43%         1
 Beastly Appendage        Tmut           0%         N/A       43%         1
 Corona                   Hex            0%         N/A       43%         1
 Foxfire                  Conj/Fire      0%         2x1d4     43%         1
 Sandblast                Erth           0%         2d4       43%         1
 Summon Small Mammal      Summ           0%         N/A       43%         1
 Call Imp                 Summ           0%         N/A       56%         2
 Passwall                 Tmut/Erth      0%         N/A       56%         2
 Slow                     Hex            0%         N/A       56%         2
 Sublimation of Blood     Necr           0%         N/A       56%         2
 Wereblood                Tmut           0%         N/A       56%         2
 Call Canine Familiar     Summ           0%         N/A       80%         3
 Conjure Flame            Conj/Fire      0%         6-21      80%         3
 Ignite Poison            Fire/Tmut/Pois 0%         N/A       80%         3
 Inner Flame              Hex/Fire       0%         N/A       80%         3
 Portal Projectile        Hex/Tloc       0%         N/A       80%         3
 Spider Form              Tmut/Pois      0%         N/A       80%         3
 Stone Arrow              Conj/Erth      0%         3d7       80%         3
 Summon Guardian Golem    Hex/Summ       0%         N/A       80%         3
 Cause Fear               Hex            0%         N/A       99%         4
 Ice Form                 Ice/Tmut       0%         N/A       99%         4
 Leda's Liquefaction      Hex/Erth       0%         N/A       99%         4
 Petrify                  Tmut/Erth      0%         N/A       99%         4
 Sticky Flame             Conj/Fire      0%         2d3       99%         4
 Summon Ice Beast         Ice/Summ       0%         N/A       99%         4
 Summon Lightning Spire   Summ/Air       0%         N/A       99%         4
 Alistair's Intoxication  Tmut/Pois      0%         N/A       100%        5
 Bolt of Magma            Conj/Fire/Erth 0%         4d4       100%        5
 Fireball                 Conj/Fire      0%         3d3       100%        5
 Irradiate                Conj/Tmut      0%         3d14      100%        5
 Iskenderun's Battlesphe  Conj           0%         2d6       100%        5
 Lee's Rapid Deconstruct  Erth           0%         3d5*      100%        5
 Eringya's Noxious Bog    Tmut/Pois      0%         N/A       100%        6
 Iron Shot                Conj/Erth      0%         9d1       100%        6
 Orb of Destruction       Conj           0%         N/A       100%        7
 Spellforged Servitor     Conj/Summ      0%         N/A       100%        7
 Dragon's Call            Summ           0%         N/A       100%        9


Dungeon Overview and Level Annotations

Branches:
Dungeon (15/15)            Temple (1/1) D:7            Lair (6/6) D:9
 Shoals (0/4) Lair:4       Spider (0/4) Lair:2        Slime (0/5) Lair:5
    Orc (2/2) D:10            Elf (3/3) Orc:2        Vaults (0/5) D:13
 Depths (0/5) D:15         Bailey (visited)           IceCv (visited)

Altars:
Cheibriados
Dithmenos
Gozag
Nemelex Xobeh
Okawaru
Sif Muna
Trog
Xom
The Shining One
Beogh
Jiyva

Shops:
D:2 =   Orc:2 :[[*   Elf:2 (   Elf:3 :[

Annotations:
Elf:3 2 exclusions


Innate Abilities, Weirdness & Mutations

You have a pair of large antennae on your head. (SInv)
You are mostly covered in icy blue scales. (AC +3)
Your demonic aura often causes spilled blood to erupt in flames.
You sometimes gain power by taking damage.
Your maledictions are enhanced.
You are clumsy. (Dex -2)
Your flesh is heat resistant. (rF+)
You sometimes lose the ability to read scrolls when taking damage.


Message History

The acid corrodes the +0 vampiric glaive!
The bolt of acid hits the deep elf knight!
The deep elf knight is splashed with acid.
The acid corrodes the deep elf knight!
You kill the deep elf knight!
Okawaru accepts your kill.
You block the +2 quick blade of holy wrath's attack.
The +2 halberd of venom misses you.
The +2 quick blade of holy wrath hits you but does no damage.
You block the +0 vampiric glaive's attack.
The +2 halberd of venom misses you.
Aim: a +3 battleaxe of freezing (lightly damaged, 51% to hit)
The bolt of acid hits the +0 vampiric glaive!!
The +0 vampiric glaive is splashed with acid!
The +0 vampiric glaive falls from the air.
Okawaru accepts your kill.
The bolt of acid hits the +3 battleaxe of freezing.
The +3 battleaxe of freezing is splashed with acid!
The acid corrodes the +3 battleaxe of freezing!
The +2 quick blade of holy wrath hits you but does no damage.
You block the +2 quick blade of holy wrath's attack.
The +2 halberd of venom hits you from afar!
* * * LOW HITPOINT WARNING * * *
The +2 quick blade of holy wrath hits you.
* * * LOW HITPOINT WARNING * * *
You convulse.
* * * LOW HITPOINT WARNING * * *
You are confused.
You feel invigorated.
The +2 quick blade of holy wrath hits you.
* * * LOW HITPOINT WARNING * * *
You convulse.
* * * LOW HITPOINT WARNING * * *
The +2 halberd of venom hits you from afar.
* * * LOW HITPOINT WARNING * * *
The +2 quick blade of holy wrath hits you but does no damage.
You slice the +3 battleaxe of freezing!!
You freeze the +3 battleaxe of freezing.
The +3 battleaxe of freezing falls from the air.
Okawaru accepts your kill.
The +2 halberd of venom hits you from afar!
* * * LOW HITPOINT WARNING * * *
The +2 quick blade of holy wrath hits you.
* * * LOW HITPOINT WARNING * * *
You convulse.
* * * LOW HITPOINT WARNING * * *
You feel better.
You feel less invigorated.
The +2 quick blade of holy wrath completely misses you.
The +2 halberd of venom hits you from afar!
You die...

## #### ##### .#
##.####..####...##
..##...##....##.....## ...
.................#....
....................#####..
...... .#.............#....
...... ##.....#....)......
......# ##☼..###..........
.......###@..## ####')')'##
........#)(..## ####.#.#.##
......)))(....###..###.###.
......)).......##..........
..............###.....#....
.............###..#.......#
.............# #.###.....##
..............##..#...#...#
...............#.....###...


You could see 2 dancing weapons.

Vanquished Creatures
  Rupert (Orc:2)
  2 deep elf blademasters
  2 deep elf master archers (Elf:3)
  Kirke (D:15)
  A storm dragon (D:13)
  Louise (Elf:3)
  6 deep elf elementalists (Elf:3)
  3 deep elf sorcerers
  5 deep elf annihilators (Elf:3)
  The ghost of sn0wgr3 the Fighter, a journeyman GrFi of Okawaru (Lair:4)
  4 deep elf demonologists
  A bunyip (shapeshifter) (D:14)
  A spark wasp (shapeshifter) (D:13)
  7 deep elf death magi (Elf:3)
  An ettin (shapeshifter) (Elf:3)
  Snorg (D:13)
  4 fire dragons
  A deep elf high priest (Elf:3)
  Harold (D:9)
  Josephine (D:15)
  12 hydras
  4 boulder beetles
  A centaur warrior (D:15)
  2 catoblepae
  5 two-headed ogres
  3 orc high priests (Orc:2)
  13 dancing weapons
  12 death yaks
  A deep troll earth mage (D:13)
  6 deep elf knights
  A swamp dragon (Lair:6)
  A deep troll (D:12)
  A glowing orange brain (D:11)
  12 deep elf archers
  19 deep elf pyromancers
  Pikel (D:8)
  The ghost of Anon1729 the Conjurer, a novice OpAE of Sif Muna (D:7)
  A lindwurm (Lair:6)
  A necromancer (D:13)
  A lindwurm (shapeshifter) (D:13)
  A wizard (D:13)
  A mana viper (shapeshifter) (D:13)
  A manticore (D:13)
  17 ugly things
  17 deep elf zephyrmancers
  A wolf spider (Lair:6)
  2 oklob plants (Lair:3)
  5 orc sorcerers (Orc:2)
  5 cyclopes
  9 orc knights
  10 slime creatures
  9 black mambas
  20 elephants
  2 torpor snails (Lair:4)
  3 ice statues (IceCv)
  A gargoyle (D:11)
  A guardian serpent (Lair:6)
  22 cane toads
  An eye of devastation (D:11)
  A yaktaur (D:13)
  8 rime drakes
  3 efreet
  6 komodo dragons
  16 trolls
  3 meliai (D:14)
  2 jumping spiders (Lair:2)
  A queen bee (Lair:3)
  5 hornets
  4 polar bears
  A blink frog (shapeshifter) (Elf:1)
  6 dream sheep (Lair:4)
  32 blink frogs
  2 centaur simulacra
  6 redbacks
  4 wraiths
  Sigmund (D:2)
  20 wyverns
  7 water elementals
  A vampire (D:14)
  51 yaks
  2 humans
  6 basilisks
  A fire elemental (Elf:2)
  A steam dragon (D:7)
  8 hogs
  10 vampire mosquitoes
  3 wargs
  7 acid dragons
  22 water moccasins
  15 orc warriors
  2 swamp drakes (Lair:6)
  Duvessa (D:4)
  15 ice beasts
  3 sky beasts
  2 black bears
  8 ogres
  18 wolves
  8 centaurs
  A necrophage (D:4)
  A kobold brigand (D:7)
  6 phantoms
  A gnoll sergeant (D:10)
  11 bullfrogs
  4 earth elementals
  Dowan (D:4)
  3 scorpions
  A wyvern skeleton (D:7)
  A water moccasin skeleton (D:4)
  3 troll zombies (D:10)
  29 killer bees (Lair:3)
  4 wights (D:7)
  10 electric eels
  A howler monkey (D:7)
  2 centaur skeletons
  4 centaur zombies
  6 hounds (D:9)
  2 jellies (D:5)
  17 orc priests
  Jessica (D:3)
  Natasha (thrice) (D:2)
  7 iguanas
  16 orc wizards
  Terence (D:3)
  2 killer bee zombies
  5 ogre zombies (D:10)
  A hound zombie (D:5)
  A hound skeleton (D:4)
  2 howler monkey zombies (D:9)
  10 gnolls
  7 adders
  An adder skeleton (D:4)
  A worm (D:3)
  4 dart slugs
  41 orcs
  2 endoplasms
  A giant cockroach (D:1)
  17 goblins
  6 hobgoblins
  2 jackals (D:5)
  4 quokkas
  3 ball pythons
  8 bats
  4 frilled lizards
  2 goblin skeletons (D:10)
  3 goblin zombies (D:10)
  A hobgoblin skeleton (D:10)
  2 hobgoblin zombies (D:10)
  25 kobolds
  5 orc skeletons (D:10)
  12 orc zombies (D:10)
  A quokka skeleton (D:4)
  A rat (D:3)
893 creatures vanquished.

Vanquished Creatures (others)
  An acid dragon (D:11)
  An iguana (Lair:6)
  2 orcs
  33 fungi
  102 plants
139 creatures vanquished.

Grand Total: 1032 creatures vanquished

Notes
Turn   | Place    | Note
-------+----------+-------------------------------------------
     0 | D:5      | Brandom the Demonspawn Delver began the quest for the Orb.
     0 | D:5      | Reached XP level 1. HP: 18/18 MP: 1/1
    12 | D:4      | Noticed Duvessa
    12 | D:4      | Noticed Dowan
    23 | D:4      | Gained mutation: You are partially covered in icy blue
                  | scales. (AC +2) [demonic ancestry]
    23 | D:4      | Reached XP level 2. HP: 15/24 MP: 2/2
   697 | D:2      | Noticed Natasha
  1115 | D:1      | Gained mutation: Your demonic aura sometimes causes spilled
                  | blood to erupt in flames. [demonic ancestry]
  1115 | D:1      | Reached XP level 3. HP: 29/29 MP: 3/3
  1667 | D:2      | Killed Natasha
  1668 | D:2      | Reached skill level 1 in Armour
  1668 | D:2      | Gained mutation: You sometimes gain a little power by
                  | taking damage. [demonic ancestry]
  1668 | D:2      | Reached XP level 4. HP: 14/37 MP: 4/4
  1879 | D:2      | Found Ostagann's Jewellery Emporium.
  1921 | D:2      | Noticed Sigmund
  1936 | D:2      | Killed Sigmund
  1937 | D:2      | Reached skill level 4 in Fighting
  1937 | D:2      | Gained mutation: You have a pair of small antennae on your
                  | head. [demonic ancestry]
  1937 | D:2      | Reached XP level 5. HP: 24/43 MP: 5/5
  2072 | D:2      | Noticed Natasha
  2083 | D:2      | Killed Natasha
  2223 | D:2      | Noticed Natasha
  2231 | D:2      | Killed Natasha
  2232 | D:2      | Reached XP level 6. HP: 44/49 MP: 6/6
  2717 | D:2      | Found Ostagann's Jewellery Emporium.
  2889 | D:3      | Noticed Jessica
  2893 | D:3      | Killed Jessica
  3695 | D:3      | Reached skill level 5 in Fighting
  4004 | D:3      | Noticed Terence
  4016 | D:3      | Killed Terence
  4191 | D:4      | Reached XP level 7. HP: 55/56 MP: 7/7
  4263 | D:4      | Found a snail-covered altar of Cheibriados.
  4549 | D:4      | Killed Duvessa
  4568 | D:4      | Killed Dowan
  5403 | D:4      | Found a snail-covered altar of Cheibriados.
  5649 | D:5      | Reached skill level 6 in Fighting
  5649 | D:5      | Reached skill level 5 in Long Blades
  5888 | D:5      | Reached XP level 8. HP: 48/64 MP: 8/8
  6731 | D:5      | Found a bloodstained altar of Trog.
  6921 | D:5      | Reached skill level 7 in Fighting
  7237 | D:5      | Found an iron altar of Okawaru.
  7273 | D:5      | Became a worshipper of Warmaster Okawaru
  8156 | D:6      | Reached XP level 9. HP: 70/72 MP: 9/9
  9586 | D:7      | Found an opulent altar of Gozag.
  9952 | D:6      | Reached * piety under Okawaru
 10092 | D:7      | Found a transporter.
 10092 | D:7      | Identified the +2 robe "Ynoety" {Regen+}
 10123 | D:6      | Reached skill level 5 in Dodging
 10128 | D:6      | Reached skill level 8 in Fighting
 10410 | D:7      | Identified the +5 robe "Yfotzai" {Harm Str-2 Int-5 Dex+9}
 10434 | D:7      | Found a transporter.
 10435 | D:7      | Noticed Anon1729's ghost (novice OpAE)
 10474 | D:7      | Reached ** piety under Okawaru
 10799 | D:7      | Noticed a two-headed ogre
 10825 | D:7      | Found a staircase to the Ecumenical Temple.
 10838 | Temple   | Entered the Ecumenical Temple
 11011 | D:7      | Found a transporter.
 11012 | D:7      | Found a transporter.
 11128 | D:7      | Found an opulent altar of Gozag.
 11531 | D:8      | Reached skill level 5 in Armour
 11673 | D:8      | Gained mutation: You have a pair of antennae on your head.
                  | [demonic ancestry]
 11673 | D:8      | Reached XP level 10. HP: 66/82 MP: 10/10
 11805 | D:8      | Reached skill level 9 in Fighting
 11958 | D:8      | Reached *** piety under Okawaru
 12020 | D:8      | Noticed Pikel
 12026 | D:8      | Killed Pikel
 12650 | D:9      | Found a staircase to the Lair.
 12693 | D:9      | Reached **** piety under Okawaru
 12694 | D:9      | Reached skill level 1 in Shields
 12705 | D:9      | Reached skill level 1 in Invocations
 12788 | D:9      | Noticed Harold
 12886 | D:9      | Paralysed by a hornet for 2 turns
 12899 | D:9      | Killed Harold
 12900 | D:9      | Reached skill level 10 in Fighting
 12914 | D:9      | Gained mutation: Your demonic aura often causes spilled
                  | blood to erupt in flames. [demonic ancestry]
 12914 | D:9      | Reached XP level 11. HP: 76/90 MP: 12/12
 13043 | D:9      | Found a sparkling altar of Nemelex Xobeh.
 13425 | D:9      | Found a sparkling altar of Nemelex Xobeh.
 13468 | D:9      | Found a staircase to the Lair.
 13909 | D:10     | Entered Level 10 of the Dungeon
 13931 | D:10     | Found a shadowy altar of Dithmenos.
 14112 | D:10     | Reached ***** piety under Okawaru
 14120 | D:10     | Found a staircase to the Orcish Mines.
 14749 | D:10     | Found a staircase to the Orcish Mines.
 15000 | D:10     | Found a shadowy altar of Dithmenos.
 15429 | D:11     | Found a transporter.
 15439 | D:11     | Noticed a glowing orange brain
 15468 | D:11     | Found a viscous altar of Jiyva.
 15470 | D:11     | Found a transporter.
 15760 | D:11     | Noticed a boulder beetle
 15772 | D:11     | Killed a boulder beetle
 16060 | D:12     | Found a flagged portal.
 16074 | Bailey   | Entered a bailey
 16094 | Bailey   | Noticed an orc knight
 16103 | Bailey   | Killed an orc knight
 16118 | Bailey   | Noticed an orc knight
 16118 | Bailey   | Noticed an orc knight
 16193 | Bailey   | Killed an orc knight
 16409 | Bailey   | Killed an orc knight
 16464 | Bailey   | Identified the ring "Kyhiank" {rC+ rCorr Str+4 SInv}
 16514 | D:12     | Noticed an eight-headed hydra
 16549 | D:12     | Found a frozen archway.
 16565 | D:12     | Reached skill level 11 in Fighting
 16582 | D:12     | Reached skill level 10 in Long Blades
 16634 | IceCv    | Entered an ice cave
 16817 | IceCv    | Identified the +7 demon blade of Domination {freeze, Contam
                  | Int+6 Stlth+} (Okawaru gifted it to you in an ice cave)
 16817 | IceCv    | Received a gift from Okawaru
 16856 | IceCv    | Noticed a white ugly thing
 16872 | IceCv    | Killed a white ugly thing
 16873 | IceCv    | Reached skill level 5 in Invocations
 17111 | IceCv    | Noticed a white ugly thing
 17254 | IceCv    | Gained mutation: You are mostly covered in icy blue scales.
                  | (AC +3) [demonic ancestry]
 17254 | IceCv    | Reached XP level 12. HP: 100/100 MP: 8/15
 17334 | IceCv    | Identified the +5 ice dragon scales of Epheneox {Harm rF-
                  | rC++}
 17583 | Lair:1   | Entered Level 1 of the Lair of Beasts
 17642 | Lair:1   | Noticed a four-headed hydra
 17693 | Lair:1   | You fall into a shaft and drop 1 floor!
 17790 | Lair:2   | Found a hole to the Spider Nest.
 17978 | Lair:2   | Received a gift from Okawaru
 17995 | Lair:2   | Noticed a five-headed hydra
 18047 | Lair:2   | Received a gift from Okawaru
 18284 | Lair:3   | Reached skill level 12 in Fighting
 18415 | Lair:3   | Reached skill level 5 in Shields
 18511 | Lair:3   | Gained mutation: Your maledictions are enhanced. [demonic
                  | ancestry]
 18511 | Lair:3   | Reached XP level 13. HP: 108/108 MP: 18/18
 18540 | Lair:3   | Reached ****** piety under Okawaru
 18774 | Lair:3   | Received a gift from Okawaru
 19389 | Lair:4   | Found a staircase to the Shoals.
 19430 | Lair:4   | Found a snail-covered altar of Cheibriados.
 19552 | Lair:4   | Reached skill level 13 in Fighting
 19710 | Lair:4   | Identified the +3 scimitar of Watchfulness {drain, *Rage
                  | rF++ rN+ Stlth-} (Okawaru gifted it to you on level 4 of
                  | the Lair of Beasts)
 19710 | Lair:4   | Received a gift from Okawaru
 20029 | Lair:4   | Found a runed translucent door.
 20029 | Lair:4   | Found a shimmering altar of Xom.
 20029 | Lair:4   | Noticed sn0wgr3's ghost (journeyman GrFi)
 20234 | Lair:5   | Found a viscous altar of Jiyva.
 20234 | Lair:5   | Found a staircase to the Slime Pits.
 20247 | Lair:5   | You fall into a shaft and drop 1 floor!
 20247 | Lair:6   | Entered Level 6 of the Lair of Beasts
 20293 | Lair:6   | Gained mutation: You have a pair of large antennae on your
                  | head. (SInv) [demonic ancestry]
 20293 | Lair:6   | Reached XP level 14. HP: 117/118 MP: 18/20
 20336 | Lair:6   | Gained mutation: You are clumsy. (Dex -2) [potion of
                  | mutation]
 20336 | Lair:6   | Gained mutation: Your flesh is heat resistant. (rF+)
                  | [potion of mutation]
 20336 | Lair:6   | Gained mutation: You sometimes lose the ability to read
                  | scrolls when taking damage. [potion of mutation]
 20456 | Lair:6   | Received a gift from Okawaru
 21036 | Lair:6   | Reached skill level 14 in Fighting
 21087 | Lair:6   | Paralysed by a hornet for 3 turns
 21339 | Lair:6   | Reached skill level 10 in Invocations
 21465 | Lair:6   | Received a gift from Okawaru
 22085 | Lair:5   | Gained mutation: You sometimes gain power by taking damage.
                  | [demonic ancestry]
 22085 | Lair:5   | Reached XP level 15. HP: 113/126 MP: 22/22
 22093 | Lair:5   | Reached skill level 1 in Throwing
 22281 | Lair:5   | Found a snail-covered altar of Cheibriados.
 22644 | Lair:4   | Killed sn0wgr3's ghost
 23472 | D:7      | Killed Anon1729's ghost
 23913 | D:11     | Reached skill level 1 in Evocations
 23936 | D:11     | Identified the +8 scale mail of the Cuttlefish {Will+}
 24133 | D:12     | Identified the +4 long sword of Muf Ivoos {flame, rF+
                  | Dex+3} (Okawaru gifted it to you on level 12 of the
                  | Dungeon)
 24133 | D:12     | Received a gift from Okawaru
 24208 | D:12     | Found a portal to a secret trove of treasure.
 24439 | D:2      | Bought the amulet "Nuufol" {Faith rN+ Will++ Dex+3} for 724
                  | gold pieces
 25088 | D:13     | Reached skill level 10 in Dodging
 26080 | D:13     | You fall into a shaft and drop 1 floor!
 26208 | D:13     | Noticed a storm dragon
 26211 | D:13     | Noticed Snorg
 26250 | D:13     | Killed Snorg
 26256 | D:13     | Killed a storm dragon
 26256 | D:13     | Identified the +7 long sword "Zuusaul" {vorpal, Contam
                  | rPois Int-5 SInv} (Okawaru gifted it to you on level 13 of
                  | the Dungeon)
 26256 | D:13     | Received a gift from Okawaru
 26682 | D:13     | Found a gate to the Vaults.
 27403 | D:14     | Received a gift from Okawaru
 27416 | D:14     | Identified a scroll of acquirement
 27417 | D:14     | Acquired a manual of Dodging
 27518 | D:14     | Reached XP level 16. HP: 99/134 MP: 24/24
 27757 | D:14     | Reached skill level 15 in Fighting
 28099 | D:12     | You paid a toll of 6 scrolls of fear to enter a treasure
                  | trove
 28100 | Trove    | Entered a treasure trove
 28111 | Trove    | Identified the amulet "Amerruc" {Reflect Will+ SH+5}
 28113 | Trove    | Identified the ring "Xicwa" {*Slow Will++ EV+4}
 28117 | Trove    | Identified the ring "Oladot" {*Corrode rElec rPois Slay+3}
 28119 | Trove    | Identified the ring of the Distant Future {rPois rN+}
 28123 | Trove    | Identified the ring "Nissez" {Fly rF++ Will+ MP+9}
 28128 | Trove    | Identified the ring "Taeruthro" {rC+ rN+++ Will- Int-5
                  | SInv}
 28130 | Trove    | Identified the ring of the Morning {rPois rC- rN+ rCorr}
 28132 | Trove    | Identified the ring of Tetaph {*Corrode rElec rN+ Str+2
                  | Int+4}
 28313 | D:15     | Entered Level 15 of the Dungeon
 28379 | D:15     | Noticed Kirke
 28380 | D:15     | Noticed a sphinx
 28389 | D:15     | Killed Kirke
 28394 | D:15     | Reached skill level 10 in Armour
 28776 | D:15     | Noticed Josephine
 28783 | D:15     | Killed Josephine
 29303 | D:15     | Found a staircase to the Depths.
 29445 | Orc:1    | Entered Level 1 of the Orcish Mines
 29568 | Orc:2    | Entered Level 2 of the Orcish Mines
 29568 | Orc:2    | Noticed Rupert
 29606 | Orc:1    | Identified the +3 pair of boots of Cyegotao {rPois}
                  | (Okawaru gifted it to you on level 1 of the Orcish Mines)
 29606 | Orc:1    | Received a gift from Okawaru
 29625 | Orc:2    | Killed Rupert
 30547 | Orc:2    | Found a staircase to the Elven Halls.
 30789 | Orc:2    | Found Plog's General Store.
 30789 | Orc:2    | Found Motury's Book Shoppe.
 31011 | Orc:2    | Found Syvan's Armour Shop.
 31017 | Orc:2    | Found Ireboy's Armour Shop.
 31079 | Orc:2    | Bought a scroll of blinking for 127 gold pieces
 31079 | Orc:2    | Bought a potion of heal wounds for 85 gold pieces
 31208 | Elf:1    | Entered Level 1 of the Elven Halls
 31561 | Elf:1    | You are sucked into a shaft and drop 1 floor!
 31565 | Elf:2    | Found Ariur's Weapon Boutique.
 31582 | Elf:2    | HP: 5/136 [deep elf archer/arrow (18)]
 32642 | Elf:1    | Identified Koojaer's Handbook of Companions
 32665 | Elf:1    | Received a gift from Okawaru
 33033 | Elf:1    | Found a shimmering blue altar of Sif Muna.
 33160 | Elf:1    | You are sucked into a shaft and drop 1 floor!
 33787 | Elf:2    | Identified the +9 spear of Mutilation {freeze, rElec Dex+2}
 34087 | Elf:3    | Entered Level 3 of the Elven Halls
 34363 | Elf:3    | Reached skill level 5 in Throwing
 34439 | Elf:3    | Noticed a deep elf blademaster
 34459 | Elf:3    | Killed a deep elf blademaster
 34460 | Elf:3    | Reached skill level 5 in Evocations
 34522 | Elf:3    | Received a gift from Okawaru
 34523 | Elf:3    | Reached XP level 17. HP: 95/144 MP: 26/26
 35066 | Elf:3    | Reached skill level 16 in Fighting
 35246 | Elf:3    | Received a gift from Okawaru
 35347 | Elf:3    | Noticed a deep elf master archer
 35351 | Elf:3    | Killed a deep elf master archer
 36045 | Elf:3    | Found Qadiuc's Antique Armour Emporium.
 36226 | Elf:3    | Found Athrud's Self-Improvement Boutique.
 36481 | Elf:3    | Identified the ring "Reuliwaz" {Fly Will+}
 36494 | Elf:3    | Noticed Louise
 36496 | Elf:3    | Received a gift from Okawaru
 36561 | Elf:3    | Noticed a deep elf master archer
 36571 | Elf:3    | Killed a deep elf master archer
 36633 | Elf:3    | Killed Louise
 36828 | Elf:2    | Found a huge runed translucent gate.
 36828 | Elf:2    | Found a huge runed translucent gate.
 36828 | Elf:2    | Found a huge runed translucent gate.
 36828 | Elf:2    | Found a huge runed translucent gate.
 36828 | Elf:2    | Found a huge runed translucent gate.
 36942 | Elf:2    | Noticed a deep elf blademaster
 36953 | Elf:2    | Killed a deep elf blademaster
 36953 | Elf:2    | Received a gift from Okawaru
 36959 | Elf:2    | HP: 7/145 [+2 quick blade of holy wrath (6)]
 36960 | Elf:2    | Slain by a +2 halberd of venom

Illustrated notes

Levels and vault maps discovered:
D:1:      denvon_arrival_planthouse, layout_loops_ring
D:2:      layout_rooms, serial_shops, shop, uniq_sigmund, uniq_natasha
D:3:      layout_loops_ring, kennysheep_generic_room_16, uniq_terence,
          uniq_jessica
D:4:      layout_loops_ring, kennysheep_slug_shrine, kennysheep_generic_room_15,
          uniq_duvessa
D:5:      layout_rooms, kennysheep_okawaru_gauntlet, trog_book,
          kennysheep_generic_room_3
D:6:      layout_basic
D:7:      layout_rooms, nicolae_overflow_crystal_walls,
          minmay_temple_entry_mini_moons, gammafunk_ghost_smash,
          grunt_livestock, hangedman_decor_opposing, mrwooster_statue_mirror
D:8:      layout_cave_pools, serial_rivers, chequers_serial_rivers_micro_c,
          chequers_serial_rivers_large_b, chequers_serial_rivers_micro_c,
          chequers_serial_rivers_room_b, minivault_24, moated_statue,
          minmay_misc_feat_hallway, st_stairs_1, chequers_decorated_corner,
          uniq_pikel
D:9:      layout_long_grid, marbit_many_paths, erik_lair_island, uniq_harold
D:10:     layout_roguey, amcnicky_altar_gilded, zombieorc2_lemuel
D:11:     gammafunk_jiyva_shrine, layout_irregular_city, serial_bayou_lagoon_b
D:12:     lemuel_troll_bridge, layout_rooms, portal_ice_cave_entry_ice_beasts,
          nicolae_trove_entry_columns, enter_bailey_3
D:13:     layout_long_grid, david_vaults_4, minmay_checkered_concentric_circles,
          uniq_snorg
D:14:     layout_loops_cross, old_standard_altar
D:15:     grunt_enter_depths_hoard, layout_long_grid, uniq_kirke, uniq_josephine
Temple:   eino_temple_scatter_basement
Lair:1:   layout_gridlike, chequers_serial_rivers_small_b
Lair:2:   layout_loops_ring, nicolae_spider_entry_tight_spaces,
          grunt_forest_stairs_basic
Lair:3:   regret_index_bee_streams, layout_loops_ring,
          minmay_lair_oklob_chamber, lemuel_fruit_fields
Lair:4:   layout_loops_ring, shoals_dummy_entry, ebering_ghost_xom,
          kennysheep_snail_temple, grunt_megastairs_4
Lair:5:   layout_misc_corridors, slime_altar_1, lemuel_centaur_altar,
          infiniplex_staircase_pool_2, lemuel_fruit_tree, serial_bayou_shore_a
Lair:6:   guppyfry_lair_end_dragon, layout_gridlike,
          hangedman_lair_tendril_chambers, st_stairs_3, nzn_sisyphean_effort
Orc:1:    layout_caves, basic_altar
Orc:2:    st_orc_elflike, layout_caves, basic_altar, uniq_rupert
Elf:1:    layout_onion_city, basic_altar, minmay_elf_demonology
Elf:2:    layout_loops_corners, serial_shops, shop
Elf:3:    grunt_elf_hall_branching, layout_onion_city, serial_shops,
          shop_statue, nicolae_shop_self_help, uniq_louise

Skill      XL: |  1  2  3  4  5  6  7  8  9 10 11 12 13 14 15 16 17 |
---------------+----------------------------------------------------+-----
Long Blades    | 2 3 4 5 6 7 9 10 11 12 13 14 | 14.0
Dodging        | 2 3 4 5 6 7 8 9 10 11 12 | 12.3
Armour         | 1 2 3 4 5 6 7 8 9 10 11 | 11.1
Fighting       | 4 5 6 7 8 10 11 12 13 14 15 16 | 16.5
Shields        | 1 3 5 6 7 8 9 |  9.8
Invocations    | 2 5 7 8 10 11 12 13 | 13.1
Throwing       | 3 5 6 |  6.3
Evocations     | 3 5 6 |  6.5
Stealth        | |  4.5

Action                   |  1- 3 |  4- 6 |  7- 9 | 10-12 | 13-15 | 16-18 || total
-------------------------+-------+-------+-------+-------+-------+-------++-------
Melee: Falchion          |    65 |   148 |   418 |       |       |       ||   631
       Long sword        |       |       |   143 |   590 |       |       ||   733
       Demon blade       |       |       |       |   222 |   820 |   581 ||  1623
Throw: Dart              |       |     3 |     4 |       |       |     5 ||    12
       Boomerang         |       |       |       |   177 |    63 |    60 ||   300
       Javelin           |       |       |       |       |       |    68 ||    68
Invok: Heroism           |       |       |       |    10 |    10 |     5 ||    25
       Finesse           |       |       |       |     4 |     3 |     2 ||     9
Evoke: Wand              |       |       |       |    21 |       |     3 ||    24
       Lightning rod     |       |       |       |     4 |       |       ||     4
  Use: Scroll            |       |     1 |     3 |    13 |     9 |     1 ||    27
       Potion            |       |       |     5 |     3 |     2 |    11 ||    21
 Stab: Sleeping          |     3 |     2 |     2 |     2 |     8 |     2 ||    19
       Invisible         |       |     2 |     3 |       |       |       ||     5
       Distracted        |       |       |     1 |       |     1 |     1 ||     3
       Paralysed         |       |       |       |     5 |       |       ||     5
       Petrified         |       |       |       |       |     3 |       ||     3
Armor: Leather armour    |    26 |    31 |       |       |       |       ||    57
       Ring mail         |       |    41 |   284 |   357 |       |       ||   682
       Ice dragon scales |       |       |       |    64 |   445 |   185 ||   694
Dodge: Dodged            |    48 |   105 |   366 |   470 |   396 |   196 ||  1581
Block: Kite shield       |       |       |       |   393 |   414 |   201 ||  1008
       Buckler           |       |       |       |     6 |       |       ||     6
       Rpst.: Falchion   |    18 |    41 |    84 |       |       |       ||   143
       Long sword        |       |       |    27 |    74 |       |       ||   101
       Demon blade       |       |       |       |    17 |    96 |    48 ||   161

Table legend: (Time is in decaauts)
 A = Elapsed time spent in this place.
 B = Non-inter-level travel time spent in this place.
 C = Inter-level travel time spent in this place.
 D = Time resting spent in this place.
 E = Time spent auto-exploring this place.
 F = Levels seen in this place.
 G = Mean time per level.
                   A        B        C        D        E       F      G
               +--------+--------+--------+--------+--------+-----+--------+
         Total |  37044 |  34366 |   2678 |   5225 |  21091 |  30 | 1234.8 |
       Dungeon |  22357 |  20392 |   1965 |   3096 |  13382 |  15 | 1490.5 |
        Temple |      1 |      1 |      0 |      0 |      0 |   1 |    1.0 |
          Lair |   5982 |   5551 |    431 |    168 |   3749 |   6 |  997.0 |
  Orcish Mines |   1721 |   1642 |     79 |     12 |   1209 |   2 |  860.5 |
   Elven Halls |   5686 |   5485 |    201 |   1599 |   2722 |   3 | 1895.3 |
         Trove |     40 |     40 |      0 |      0 |      0 |   1 |   40.0 |
        Bailey |    510 |    510 |      0 |      0 |     29 |   1 |  510.0 |
      Ice Cave |    743 |    743 |      0 |    349 |      0 |   1 |  743.0 |
               +--------+--------+--------+--------+--------+-----+--------+

Top non-repeatable levels by time:
   Elf:3: 2689 daAuts
     D:4: 2407 daAuts
     D:6: 2338 daAuts
     D:7: 2174 daAuts
     D:9: 1815 daAuts
     D:2: 1807 daAuts
   Elf:1: 1720 daAuts
  Lair:6: 1696 daAuts
     D:5: 1517 daAuts
    D:10: 1422 daAuts
    D:14: 1328 daAuts
    D:13: 1292 daAuts
   Elf:2: 1276 daAuts
     D:3: 1247 daAuts
   Orc:2: 1243 daAuts
